 Dungeon Crawl Stone Soup version 0.24.0-10-g970556be89 (webtiles) character file.

Game seed: 17885184625661671060, levelgen mode: deterministic

97316 LostNumber the Brawler (level 15, -5/154 HPs)
             Began as a Troll Ice Elementalist on Nov 4, 2019.
             Was the Champion of Wu Jian.
             Shot with an arrow by a naga sharpshooter (20 damage)
             ... on level 1 of the Snake Pit.
             The game lasted 00:51:03 (20852 turns).

LostNumber the Brawler (Troll Ice Elementalist)    Turns: 20852, Time: 00:51:03

Health: -5/154     AC: 12    Str: 25    XL:     15   Next: 71%
Magic:  0/24       EV:  8    Int: 11    God:    Wu Jian [******]
Gold:   1819       SH: 18    Dex: 10    Spells: 15/16 levels left

rFire    + . .     SeeInvis +     - Unarmed
rCold    . . .     Gourm    +   G - +0 large shield
rNeg     + . .     Faith    .   N - +4 moon troll leather armour {Spirit, Regen++ MP+5}
rPois    .         Spirit   +   O - +0 hat {SInv}
rElec    .         Reflect  .   J - scarf {Spirit}
rCorr    .         Harm     .   (gloves unavailable)
MR       +....                  (boots unavailable)
Stlth    +.........             V - amulet of regeneration
HPRegen  1.95/turn              q - ring of poison resistance
MPRegen  0.19/turn              B - ring "Vuozocs" {Wiz +Fly rF+ rN+}

@: lethally poisoned (-5 -> -6), exhausted, about to teleport, poison
vulnerable, glowing, heavenly storm
A: large, unfitting armour, claws 3, fast metabolism 3, gourmand, regeneration
1, shaggy fur 1, tough skin 3
a: Wall Jump, Serpent's Lash, Heavenly Storm, Renounce Religion, Evoke Flight


You were on level 1 of the Snake Pit.
You worshipped Wu Jian.
Wu Jian was exalted by your worship.
You were very full.

You visited 4 branches of the dungeon, and saw 23 of its levels.
You visited 1 bazaar.
You also visited: Volcano.

You collected 2786 gold pieces.
You spent 967 gold pieces at shops.

Inventory:

Hand Weapons
 k - the +8 whip "Snakebite" {curare, rPois, !f}
   (You found it on level 5 of the Lair of Beasts)

   It poisons the flesh of those it strikes.
   It protects you from poison.
Missiles
 x - a throwing net (quivered) {!f}
Armour
 i - a scarf of resistance
   (You found it on level 2 of the Dungeon)
 z - a +2 robe of magic resistance
   (You took it off Dowan on level 7 of the Dungeon)
 A - +0 acid dragon scales
   (You found it on level 6 of the Dungeon)
 G - a +0 large shield (worn)
   (You found it on level 7 of the Dungeon)
 J - a scarf of spirit shield (worn)
   (You found it on level 9 of the Dungeon)
 N - the +4 moon troll leather armour (worn) {Spirit, Regen++ MP+5}
   (You bought it in a shop in a bazaar)

   It affects your magic capacity (+5).
   It increases your rate of regeneration.
 O - a +0 hat of see invisible (worn)
   (You took it off Gastronok on level 3 of the Lair of Beasts)
Jewellery
 l - an uncursed ring of protection from magic
   (You took it off an orc on level 5 of the Dungeon)
 o - an uncursed ring of protection from cold
   (You found it on level 13 of the Dungeon)
 q - a ring of poison resistance (left claw)
   (You found it on level 5 of the Dungeon)
 B - the ring "Vuozocs" (right claw) {Wiz +Fly rF+ rN+}
   (You found it on level 3 of the Lair of Beasts)

   [ring of wizardry]

   It improves your spell success rate.
   It protects you from fire.
   It protects you from negative energy.
   It lets you fly.
 D - an uncursed ring of protection from magic
   (You took it off a centaur on level 7 of the Dungeon)
 K - an uncursed ring of wizardry {unknown}
   (You found it on level 15 of the Dungeon)
 V - an amulet of regeneration (around neck)
   (You found it on level 3 of the Lair of Beasts)
Wands
 c - a wand of disintegration (12)
   (You found it on level 9 of the Dungeon)
 d - a wand of iceblast (20)
   (You found it on level 8 of the Dungeon)
 t - a wand of flame (39)
   (You found it on level 4 of the Dungeon)
 y - a wand of enslavement (5)
   (You took it off an orc on level 6 of the Dungeon)
 C - a wand of scattershot (12)
   (You took it off a centaur on level 7 of the Dungeon)
 M - a wand of clouds (3)
   (You found it on level 9 of the Dungeon)
 P - a wand of polymorph (9)
   (You found it on level 9 of the Dungeon)
Scrolls
 g - 10 scrolls of teleportation {@r4}
 h - 8 scrolls of remove curse {@r2}
 p - 4 scrolls of magic mapping
 r - 5 scrolls of blinking
 v - a scroll of immolation {!r}
 w - 2 scrolls of enchant weapon
 E - 4 scrolls of enchant armour
 S - 4 scrolls of fog
Potions
 b - 3 potions of heal wounds {@q2}
 f - 4 potions of haste {@q3}
 j - 4 potions of flight
 m - 12 potions of curing {@q1}
 n - 2 potions of resistance
 s - 7 potions of might
 u - 4 potions of agility
 H - 5 potions of mutation {!q}
 I - 2 potions of invisibility
 Q - 3 potions of brilliance
 T - 2 potions of lignification {!q}
 U - a potion of magic
 X - 2 potions of cancellation
 Y - a potion of berserk rage
Miscellaneous
 W - a box of beasts
Comestibles
 e - 36 rations {!d}


   Skills:
 + Level 11.5 Fighting
 - Level 6.0 Maces & Flails
 + Level 2.3 Armour
 - Level 1.5 Dodging
 - Level 1.0 Stealth
 + Level 10.0 Shields
 * Level 18.0 Unarmed Combat
 - Level 1.2 Spellcasting
   Level 0.6 Conjurations
 - Level 2.1 Ice Magic
 + Level 6.7 Evocations


You had 15 spell levels left.
You knew the following spells:

 Your Spells              Type           Power        Failure   Level  Hunger
a - Freeze                Ice            #...         16%         1    ##.....

Your spell library contained the following spells:

 Spells                   Type           Power        Failure   Level  Hunger
 Throw Frost              Conj/Ice       #.....       32%         2    ###....
 Shock                    Conj/Air       #...         34%         1    ##.....
 Animate Skeleton         Necr           N/A          38%         1    ##.....
 Apportation              Tloc           #.....       38%         1    ##.....
 Confusing Touch          Hex            #.....       38%         1    ##.....
 Pain                     Necr           #...         38%         1    ##.....
 Summon Small Mammal      Summ           #...         38%         1    ##.....
 Call Imp                 Summ           #.......     52%         2    ###....
 Swiftness                Chrm/Air       #.......     52%         2    ###....
 Ozocubu's Armour         Chrm/Ice       #.......     58%         3    ####...
 Static Discharge         Conj/Air       #.......     69%         3    ####...
 Call Canine Familiar     Summ           #.......     75%         3    ####...
 Regeneration             Chrm/Necr      #.........   75%         3    ####...
 Summon Guardian Golem    Hex/Summ       #.......     75%         3    ####...
 Vampiric Draining        Necr           #.........   75%         3    ####...
 Throw Icicle             Conj/Ice       #.......     90%         4    #####..
 Summon Ice Beast         Ice/Summ       #.......     92%         4    #####..
 Airstrike                Air            #.........   98%         4    #####..
 Animate Dead             Necr           N/A          98%         4    #####..
 Summon Lightning Spire   Summ/Air       #.......     98%         4    #####..
 Lightning Bolt           Conj/Air       #.........   100%        5    ######.


Dungeon Overview and Level Annotations

Branches:
Dungeon (15/15)            Temple (0/1) D:6            Lair (5/6) D:9
 Shoals (0/4) Lair:4        Snake (1/4) Lair:4        Slime (0/5) Lair:5
    Orc (2/2) D:11            Elf (0/3) Orc:2        Vaults (0/5) D:14
 Depths (0/5) D:15        Volcano (visited)

Altars:
Elyvilon
Vehumet
Wu Jian
Xom
Yredelemnul
Beogh

Shops:
D:5 ?:*   D:12 =   Orc:2 %[?:

Portals:
Pandemonium: Orc:2

Annotations:
D:12 3 runed translucent doors, Gipto's ghost, journeyman DsBe
Lair:2 2 runed translucent doors, Elebi's ghost, journeyman DrTm


Innate Abilities, Weirdness & Mutations

You are too large for most types of armour.
You have claws for hands.
Your metabolism is lightning-fast.
You like to eat raw meat.
Your natural rate of healing is unusually fast.
You are covered in fur. (AC +1)
You have extremely tough skin. (AC +3)


Message History

The naga warrior spits poison at you. You block the splash of poison.
The salamander hits you but does no damage.
You block the naga mage's attack. You block the naga warrior's attack.
The naga warrior hits your naga mage but does no damage.
The naga warrior grabs you. The naga warrior constricts you.
You feel much better.
You feel very sick.
A naga comes into view. It is wielding a +0 hand axe.
You block the naga mage's attack. You block the naga warrior's attack.
The salamander hits you with a +4 halberd!
* * * LOW HITPOINT WARNING * * *
You are engulfed in flames.
You resist.
* * * LOW HITPOINT WARNING * * *
Your naga hits the naga warrior from afar with a +1 halberd of venom.
Your naga mage spits poison at the naga warrior.
The splash of poison hits the naga warrior.
Your naga hits the salamander from afar with a +0 glaive!
Unknown command.
The naga warrior's grasp on you weakens, but your attempt to escape fails.
You feel sick. You block the naga mage's attack.
The naga warrior spits poison at your naga mage.
The splash of poison misses your naga mage.
* * * LOW HITPOINT WARNING * * *
The naga warrior constricts you. The naga warrior spits poison at you.
The splash of poison misses you.
The naga mage hits you but does no damage.
Your naga mage hits the naga warrior with a +1 spear of piercing!
Your naga mage barely misses the naga warrior.
You escape the naga warrior's grasp.
You feel very sick. You block the salamander's attack.
Your naga hits the naga warrior from afar with a +1 halberd of venom!
Your naga spits poison at the salamander.
The splash of poison hits the naga but does no damage.
Unknown command.
As you read the scroll of teleportation {@r4}, it crumbles to dust.
You feel strangely unstable.
You feel sick.
Your naga hits the salamander from afar with a +0 glaive!!
The salamander dies!
The Council accepts your kill.
The naga hits your naga with a +0 short sword.
The naga grabs your naga. The naga constricts your naga.
Your naga barely misses the naga warrior.
Your naga grabs the naga warrior.
Your naga constricts the naga warrior.
The naga sharpshooter mumbles some strange words.
The naga sharpshooter magically shoots an arrow.
The arrow hits you!!
You die...

...........###......(..#
#...............#..!...#
#?...§§☼§☼.......†NN.(.##
.....§§§☼§.N...(#.......N
$....§☼§○§○#....#........
#...§☼§§§##N......######
##..☼§NNNN○..######
#..##NNN☼§.....# #.
#§§@N☼☼......# #
#.§§§§N☼.......#
#.§§§§§........#
................#
###..............#
#..............#
##............#
##..........#


You could see 2 naga warriors, a naga sharpshooter, a naga mage, 2 nagas, a
friendly naga mage and 2 friendly nagas.

Vanquished Creatures
  Frances (D:14)
  Gastronok (Lair:3)
  A fire giant (D:15)
  A stone giant (D:11)
  The ghost of Feulaj the Severer, a journeyman MiBe of Trog (Lair:3)
  Josephine (Orc:1)
  2 ogre magi
  A vault guard (D:14)
  A naga warrior (Snake:1)
  3 hydras
  An anaconda (Snake:1)
  3 centaur warriors
  Erica (D:11)
  11 two-headed ogres
  A tengu warrior (D:13)
  7 orc high priests
  Urug (Lair:3)
  3 unseen horrors
  A gelid demonspawn (Orc:2)
  3 wizards
  2 infernal demonspawn (Orc:2)
  A naga ritualist (Snake:1)
  A wolf spider zombie (D:15)
  An orange crystal statue (D:14)
  9 orc knights
  7 orc sorcerers
  A salamander (shapeshifter) (D:13)
  2 mana vipers
  8 ugly things
  3 manticores
  2 cyclopes
  A centaur zombie (D:15)
  A smoke demon (Volcano)
  2 rust devils (Orc:2)
  5 elephants
  Joseph (D:7)
  7 black mambas
  A naga mage (Snake:1)
  3 gargoyles
  2 orange demons (Orc:2)
  3 spiny frogs
  Psyche (D:9)
  A redback zombie (D:15)
  A komodo dragon (shapeshifter) (D:14)
  A freezing wraith (D:14)
  4 rime drakes
  5 yaktaurs (D:15)
  2 kobold demonologists (D:10)
  2 hellwings
  10 komodo dragons
  A harpy zombie (D:12)
  2 red devils (Volcano)
  8 trolls
  The ghost of Delarado the Cleaver, an amateur MiFi of Okawaru (D:4)
  A hornet (D:10)
  A polar bear (Lair:3)
  3 slime creatures (D:15)
  2 dream sheep (D:10)
  15 hippogriffs
  A meliai zombie (D:13)
  8 blink frogs
  Sigmund (D:4)
  6 wyverns
  11 wraiths
  A shadow (D:15)
  29 yaks
  A human (D:14)
  4 basilisks
  A steam dragon (D:15)
  A neqoxec (Orc:2)
  10 wargs
  A naga (Snake:1)
  3 acid dragons
  Duvessa (D:7)
  3 hell hounds
  15 water moccasins
  29 orc warriors
  10 porcupines
  A hornet zombie (D:15)
  5 phantoms
  3 ice beasts
  3 black bears
  3 sky beasts
  An eye of draining (D:12)
  9 ogres
  25 centaurs
  7 wolves
  6 crocodiles
  6 big kobolds
  Blork the orc (D:5)
  A wyvern zombie (D:14)
  22 bullfrogs
  A water moccasin zombie (D:8)
  11 killer bees
  3 scorpions
  Dowan (D:7)
  12 wights
  5 howler monkeys
  6 crimson imps
  A bullfrog zombie (D:6)
  2 quasits
  30 orc priests
  5 hounds
  5 jellies
  3 bullfrog skeletons
  3 centaur skeletons
  3 iguanas
  11 orc wizards
  6 hell rats (Lair:5)
  13 worker ants
  2 hound skeletons
  4 gnolls
  18 adders
  6 shadow imps
  2 oozes
  3 adder zombies
  2 adder skeletons
  3 worms
  6 dart slugs
  3 leopard geckos
  92 orcs
  8 bats
  6 giant cockroaches
  8 goblins
  14 hobgoblins
  11 jackals
  4 quokkas
  8 frilled lizards
  22 kobolds
  A leopard gecko zombie (D:9)
  8 rats
750 creatures vanquished.

Vanquished Creatures (collateral kills)
  A salamander (Snake:1)
1 creature vanquished.

Vanquished Creatures (others)
  An anaconda (Snake:1)
  3 fungi
  3 plants (D:12)
7 creatures vanquished.

Grand Total: 758 creatures vanquished

Notes
Turn   | Place    | Note
-------+----------+-------------------------------------------
     0 | D:1      | LostNumber the Troll Ice Elementalist began the quest for
                  | the Orb.
     0 | D:1      | Reached XP level 1. HP: 16/16 MP: 1/1
    17 | D:1      | Reached skill level 1 in Unarmed Combat
   137 | D:1      | Reached XP level 2. HP: 26/26 MP: 2/2
   380 | D:1      | Reached skill level 1 in Fighting
   380 | D:1      | Reached skill level 2 in Unarmed Combat
   435 | D:1      | Reached XP level 3. HP: 33/33 MP: 3/3
   776 | D:2      | Found a radiant altar of Vehumet.
   805 | D:2      | Found a faded altar of an unknown god.
   836 | D:2      | Found a basalt altar of Yredelemnul.
   925 | D:2      | Reached XP level 4. HP: 41/41 MP: 4/4
   932 | D:2      | Reached skill level 3 in Unarmed Combat
  1116 | D:2      | Found an ornate altar of the Wu Jian Council.
  1272 | D:2      | Found a shimmering altar of Xom.
  1295 | D:2      | Became a worshipper of the Wu Jian Council
  1832 | D:3      | Reached XP level 5. HP: 45/49 MP: 5/5
  1843 | D:3      | Noticed an ogre
  1854 | D:3      | Killed an ogre
  1854 | D:3      | Reached skill level 4 in Unarmed Combat
  2097 | D:4      | Reached XP level 6. HP: 48/59 MP: 6/6
  2105 | D:3      | Reached * piety under Wu Jian
  2260 | D:3      | Reached skill level 5 in Unarmed Combat
  2550 | D:4      | Noticed Delarado's ghost (amateur MiFi)
  2552 | D:4      | Found a transporter.
  2583 | D:4      | Noticed Sigmund
  2600 | D:4      | Killed Sigmund
  2600 | D:4      | Reached skill level 6 in Unarmed Combat
  2600 | D:4      | Reached XP level 7. HP: 63/67 MP: 7/7
  2628 | D:4      | Found a transporter.
  2859 | D:5      | Entered Level 5 of the Dungeon
  2859 | D:5      | Found Yblu's Book Boutique.
  2872 | D:5      | Found Tetouli's General Store.
  2890 | D:5      | Bought a scroll of teleportation for 36 gold pieces
  2890 | D:5      | Bought a scroll of blinking for 90 gold pieces
  2894 | D:5      | Found a white marble altar of Elyvilon.
  3004 | D:5      | Found Oneiczec's Magic Scroll Shoppe.
  3030 | D:5      | Bought a scroll of identify for 24 gold pieces
  3139 | D:5      | Reached skill level 7 in Unarmed Combat
  3216 | D:5      | Reached ** piety under Wu Jian
  3453 | D:5      | Reached XP level 8. HP: 78/78 MP: 8/8
  3585 | D:6      | Noticed Blork the orc
  3632 | D:5      | Killed Blork the orc
  3642 | D:6      | Reached skill level 8 in Unarmed Combat
  3673 | D:6      | Found a staircase to the Ecumenical Temple.
  3731 | D:6      | Reached skill level 5 in Fighting
  3874 | D:6      | Reached skill level 9 in Unarmed Combat
  4404 | D:7      | Noticed Dowan
  4415 | D:7      | Killed Dowan
  4422 | D:7      | Noticed Duvessa
  4432 | D:7      | Killed Duvessa
  4435 | D:7      | Reached XP level 9. HP: 39/88 MP: 9/9
  4577 | D:7      | Reached skill level 10 in Unarmed Combat
  4709 | D:7      | Reached *** piety under Wu Jian
  4749 | D:7      | Noticed Joseph
  4767 | D:7      | Killed Joseph
  4767 | D:7      | Reached skill level 1 in Shields
  5053 | D:8      | Noticed a troll
  5068 | D:7      | Killed a troll
  5246 | D:8      | Reached skill level 11 in Unarmed Combat
  5329 | D:8      | Reached XP level 10. HP: 99/100 MP: 10/10
  5374 | D:8      | Noticed a two-headed ogre
  5375 | D:8      | Noticed a gargoyle
  5376 | D:8      | Noticed a centaur warrior
  5423 | D:8      | Reached **** piety under Wu Jian
  5485 | D:9      | Noticed Psyche
  5491 | D:9      | Killed Psyche
  5557 | D:9      | Found a staircase to the Lair.
  6127 | D:9      | Got a crystal spear
  6362 | D:4      | Killed Delarado's ghost
  6502 | Lair:1   | Entered Level 1 of the Lair of Beasts
  6520 | Lair:1   | Reached skill level 12 in Unarmed Combat
  6966 | Lair:1   | Reached XP level 11. HP: 94/110 MP: 9/11
  7164 | Lair:2   | Reached skill level 5 in Shields
  7176 | Lair:2   | Reached skill level 13 in Unarmed Combat
  7409 | Lair:2   | Found a large runed translucent door.
  7410 | Lair:2   | Found a large runed translucent door.
  7412 | Lair:2   | Noticed Elebi's ghost (journeyman DrTm)
  7442 | Lair:2   | Reached ***** piety under Wu Jian
  8221 | Lair:3   | Found a dark tunnel.
  8231 | Volcano  | Entered a volcano
  8253 | Volcano  | Noticed a red ugly thing
  8266 | Volcano  | Killed a red ugly thing
  8266 | Volcano  | Reached skill level 14 in Unarmed Combat
  8360 | Volcano  | Noticed an orc sorcerer
  8370 | Volcano  | Killed an orc sorcerer
  8404 | Volcano  | Noticed a red ugly thing
  8410 | Volcano  | Reached XP level 12. HP: 102/122 MP: 9/12
  8595 | Lair:3   | Noticed a six-headed hydra
  8698 | Lair:3   | Noticed Gastronok
  8701 | Lair:3   | Noticed Urug
  8880 | Lair:4   | Found a staircase to the Shoals.
  8889 | Lair:4   | Reached skill level 1 in Evocations
  9104 | Lair:4   | Found a staircase to the Snake Pit.
  9831 | Lair:5   | Found a staircase to the Slime Pits.
 10112 | Lair:5   | Reached skill level 15 in Unarmed Combat
 10149 | Lair:5   | Found the +8 whip "Snakebite" {curare, rPois}
 10395 | Lair:5   | Reached skill level 1 in Maces & Flails
 10796 | D:10     | Entered Level 10 of the Dungeon
 10865 | D:10     | Reached XP level 13. HP: 101/131 MP: 11/14
 11794 | D:10     | Found the +5 scythe "Finisher" {speed, eviscerate}
 12536 | D:11     | Found a staircase to the Orcish Mines.
 12759 | D:12     | Reached ****** piety under Wu Jian
 13012 | D:12     | Reached skill level 10 in Fighting
 13086 | D:12     | Found a runed translucent gate.
 13087 | D:12     | Found a runed translucent gate.
 13088 | D:12     | Found a runed translucent gate.
 13091 | D:12     | Identified the +6 whip of Vodka {drain, rC- rN+++ Str+9
                  | Stlth-}
 13091 | D:12     | Identified the cursed +3 dagger "Dragonslayer" {elec, rPois
                  | rF- Int+9 Dex+3 SInv}
 13092 | D:12     | Noticed Gipto's ghost (journeyman DsBe)
 13099 | D:12     | Found Zeot Oji's Jewellery Shoppe.
 13331 | D:13     | Reached skill level 5 in Maces & Flails
 13649 | D:13     | Reached skill level 16 in Unarmed Combat
 13685 | D:13     | Got a blackened whip
 14123 | D:14     | Found a gateway to a bazaar.
 14283 | D:14     | Reached XP level 14. HP: 105/143 MP: 11/16
 14424 | D:14     | Found a gate to the Vaults.
 14677 | D:14     | Noticed Frances
 14706 | D:14     | Killed Frances
 14791 | D:14     | Found a roughly hewn altar of Beogh.
 15242 | Orc:1    | Entered Level 1 of the Orcish Mines
 15242 | Orc:1    | Noticed Erica
 15242 | Orc:1    | Noticed a stone giant
 15250 | D:11     | Killed Erica
 15272 | D:11     | Killed a stone giant
 15272 | D:11     | Reached skill level 5 in Evocations
 15789 | Orc:1    | Noticed Josephine
 16068 | Orc:1    | Killed Josephine
 16475 | Orc:2    | Entered Level 2 of the Orcish Mines
 16489 | Orc:2    | Found a staircase to the Elven Halls.
 16797 | Orc:2    | Found Pomai's Food Boutique.
 16798 | Orc:2    | Found Belall Voko's Magic Scroll Shop.
 17224 | Orc:2    | Reached skill level 17 in Unarmed Combat
 18002 | Orc:2    | Reached XP level 15. HP: 135/153 MP: 14/18
 18263 | Orc:2    | Found Niptuunn's Book Shoppe.
 18263 | Orc:2    | Found Sam Hitips's Antique Armour Emporium.
 18263 | Orc:2    | Found a one-way gate leading to the halls of Pandemonium.
 18676 | Bazaar   | Entered a bazaar
 18689 | Bazaar   | Found Tepp's Food Emporium.
 18689 | Bazaar   | Found Jug Dur's Weapon Emporium.
 18725 | Bazaar   | Found Rashium's Food Shoppe.
 18725 | Bazaar   | Found Lug Dyca's Armour Shoppe.
 18743 | Bazaar   | Bought the +4 moon troll leather armour {Spirit, Regen++
                  | MP+5} for 817 gold pieces
 18743 | Bazaar   | Found the +4 moon troll leather armour {Spirit, Regen++
                  | MP+5}
 18779 | D:15     | Entered Level 15 of the Dungeon
 18839 | D:15     | Found a staircase to the Depths.
 18839 | D:15     | Noticed a fire giant
 18849 | D:15     | Killed a fire giant
 19207 | D:15     | Reached skill level 1 in Armour
 19424 | D:15     | Got a brightly glowing great sword
 20159 | Lair:3   | Killed Gastronok
 20198 | Lair:3   | Found a runed translucent door.
 20255 | Lair:3   | Killed Urug
 20586 | Lair:3   | Noticed Feulaj's ghost (journeyman MiBe)
 20600 | Lair:3   | Killed Feulaj's ghost
 20609 | Lair:3   | Got a smoking silver ring
 20611 | Lair:3   | Identified the ring "Vuozocs" {Wiz +Fly rF+ rN+} (You found
                  | it on level 3 of the Lair of Beasts)
 20654 | Snake:1  | Entered Level 1 of the Snake Pit
 20678 | Snake:1  | Reached skill level 18 in Unarmed Combat
 20708 | Lair:4   | Reached skill level 10 in Shields
 20852 | Snake:1  | Shot with an arrow by a naga sharpshooter

Levels and vault maps discovered:
D:1:      dpeg_arrival_tiny_c, layout_basic, st_stairs_13
D:2:      layout_rooms, nicolae_overflow_quartered_altars,
          chequers_ecumenical_altar_twisty
D:3:      layout_basic
D:4:      layout_rooms, gammafunk_ghost_smash, uniq_sigmund
D:5:      layout_cave_pools, serial_shops, shop, shop, shop_fountains,
          first_ration, elyvilon_altar_1
D:6:      hangedman_cross_stitches, layout_cave_pools,
          minmay_temple_entry_purple_smoke, uniq_blork_the_orc
D:7:      nicolae_whirlpool, layout_basic, uniq_duvessa, uniq_joseph
D:8:      layout_gridville, minivault_12
D:9:      layout_small_grid, erik_lair_orcish_takeover, uniq_psyche
D:10:     layout_layer_cave, hangedman_ranch [blue_anna_fruit_fields],
          minmay_guarded_unrand_finisher
D:11:     layout_basic, orc_0_dummy
D:12:     layout_rooms, serial_shops, shop, gammafunk_ghost_nasty_kobolds,
          minmay_misc_feat_columns
D:13:     layout_rooms
D:14:     layout_roguey, grunt_vaults_entry_fortified, special_room
          [special_room_orc], moated_statue, serial_shops, statue_bzr,
          lemuel_flamethrower_3, uniq_frances
D:15:     grunt_enter_depths_giant_problem, layout_basic,
          serial_co_window_serial, co_window_paths_b, co_window_corner_a,
          co_window_paths_a, co_window_of_opportunity_a, co_window_paths_a,
          co_window_corner_a, co_window_paths_b, co_window_2corner,
          co_window_corner_b, co_window_corner_b, glass_columns_a,
          glass_columns_a, glass_columns_a, glass_columns_b, glass_columns_a
Lair:1:   layout_gridlike, beast_lair_carwin_6
Lair:2:   layout_hall_layers, ebering_ghost_disaster_area, serial_bayou_shore_b,
          serial_bayou_shore_b
Lair:3:   layout_chaotic_city, ebering_ghost_reflecting_pool,
          nicolae_volcano_entry_hallway, grunt_megastairs_2, uniq_urug,
          uniq_gastronok
Lair:4:   layout_regular_city, minmay_shoals_entry_beasts, dummy_snake_entry
Lair:5:   minmay_guarded_unrand_snakebite, layout_cave_pods,
          nicolae_slime_entry_slimehenge, special_room
          [special_room_mythical_zoo]
Snake:1:  layout_rooms, uniq_donald
Orc:1:    cheibrodos_orc_guarddog, layout_caves, uniq_erica, uniq_josephine
Orc:2:    pf_orc_diabolical, layout_caves

Skill      XL: |  1  2  3  4  5  6  7  8  9 10 11 12 13 14 15 |
---------------+----------------------------------------------+-----
Unarmed Combat | 1 2 3 4 6 7 9 11 12 14 15 16 17 18 | 18.0
Fighting       | 1 2 3 4 5 6 7 8 9 10 11 | 11.5
Shields        | 2 4 6 7 8 9 10 | 10.0
Evocations     | 3 4 5 6 |  6.7
Maces & Flails | 2 5 6 |  6.0
Armour         | 2 |  2.3
Dodging        | |  1.5
Stealth        | |  1.0
Spellcasting   | |  1.2
Conjurations   | |  0.6
Ice Magic      | |  2.1

Action                   |  1- 3 |  4- 6 |  7- 9 | 10-12 | 13-15 || total
-------------------------+-------+-------+-------+-------+-------++-------
Melee: Unarmed           |   139 |   195 |   310 |   696 |  1466 ||  2806
       Punch             |       |     4 |     7 |       |       ||    11
       Whip              |       |       |       |       |    30 ||    30
Invok: Lunge             |       |     9 |    22 |    44 |    96 ||   171
       Whirlwind         |       |       |     5 |   106 |   165 ||   276
       Heavenly Storm    |       |       |       |     1 |     1 ||     2
       Serpent's Lash    |       |       |       |       |     2 ||     2
Evoke: Wand              |       |       |       |       |     1 ||     1
  Use: Scroll            |       |       |     6 |    13 |    13 ||    32
       Potion            |       |       |       |       |     2 ||     2
 Stab: Sleeping          |     3 |     3 |       |       |       ||     6
       Distracted        |       |       |       |     1 |       ||     1
  Eat: Chunk             |    14 |    16 |    25 |    50 |    98 ||   203
Armor: Robe              |    62 |    50 |    30 |       |       ||   142
       Acid dragon scale |       |       |    78 |   182 |   294 ||   554
       Troll leather arm |       |       |       |       |    44 ||    44
Dodge: Dodged            |    72 |   101 |   110 |   115 |   256 ||   654
Block: Large shield      |       |       |    49 |   459 |  1106 ||  1614
